 Dungeon Crawl Stone Soup version 0.26-a0-778-g3fe0686644 (webtiles) character file.

Game seed: 17346629062863253392

14 lunkers the Grave Robber (level 2, -2/20 HPs)
             Began as a Hill Orc Necromancer on Nov 10, 2020.
             Slain by a leopard gecko (3 damage)
             ... on level 2 of the Dungeon.
             The game lasted 00:00:46 (1093 turns).

lunkers the Grave Robber (Hill Orc Necromancer)     Turns: 1093, Time: 00:00:46

Health: -2/20      AC:  2    Str: 10    XL:     2   Next: 45%
Magic:  0/4        EV: 12    Int: 15    God:
Gold:   45         SH:  0    Dex: 11    Spells: 3/4 levels left

rFire    . . .     SeeInvis .   e - +0 dagger
rCold    . . .     Faith    .   (no shield)
rNeg     . . .     Spirit   .   a - +0 robe
rPois    .         Reflect  .   (no helmet)
rElec    .         Harm     .   (no cloak)
rCorr    .         Rampage  .   (no gloves)
MR       .....                  (no boots)
Stlth    ++........             (no amulet)
HPRegen  0.06/turn              (no ring)
MPRegen  0.09/turn              (no ring)

@: lethally poisoned (-2 -> -6)
A: no striking features
a: no special abilities


You were on level 2 of the Dungeon.
You visited 1 branch of the dungeon, and saw 2 of its levels.

You collected 45 gold pieces.

Inventory:

Hand Weapons
 e - a +0 dagger (weapon)
Armour
 a - a +0 robe (worn)
Scrolls
 b - a scroll of magic mapping {unknown}
 d - a scroll of enchant armour {unknown}
 g - a scroll of remove curse {unknown}
Potions
 c - a potion of brilliance {unknown}
 f - 2 potions of curing {unknown}


   Skills:
 - Level 1.5 Dodging
 - Level 1.5 Stealth
 - Level 1.5 Spellcasting
 * Level 4.6 Necromancy


You had 3 spell levels left.
You knew the following spells:

 Your Spells              Type           Power        Failure   Level
a - Pain                  Necr           ###.         3%          1

Your spell library contained the following spells:

 Spells                   Type           Power        Failure   Level
 Animate Skeleton         Necr           ###...       3%          1
 Vampiric Draining        Necr           ###.......   11%         3
 Animate Dead             Necr           ###.......   34%         4
 Agony                    Necr           ###.....     67%         5


Dungeon Overview and Level Annotations

Branches:
Dungeon (2/15)

Altars:


Message History

The leopard gecko misses you.
Unknown command.
Unknown command.
Unknown command.
Casting: Pain (safe; 3% risk of failure)
Confirm with . or Enter, or press ? or * to list all spells.
Aiming: Pain (safe; 3% risk of failure)
Press: ? - help, Shift-Dir - straight line, f/p - adder
Aim: an adder (heavily wounded, chance to defeat MR: 80%)
The adder writhes in agony.
* * * LOW MAGIC WARNING * * *
The adder bites you.
* * * LOW HITPOINT WARNING * * *
The leopard gecko barely misses you.
Unknown command.
* * * LOW HITPOINT WARNING * * *
You feel sick. The leopard gecko closely misses you.
The adder closely misses you. The leopard gecko bites you.
You die...

. #?## ..#
#†#
######.##
....#..####
#.......#
#Sl.>.#.#
#..@.)..#
####..###
.## .# ##


You could see an adder and a leopard gecko.

Vanquished Creatures
  2 giant cockroaches (D:1)
  2 hobgoblins (D:1)
  A frilled lizard (D:1)
  6 kobolds (D:1)
  3 rats
14 creatures vanquished.

Notes
Turn   | Place    | Note
-------+----------+-------------------------------------------
     0 | D:1      | lunkers the Hill Orc Necromancer began the quest for the
                  | Orb.
     0 | D:1      | Reached XP level 1. HP: 14/14 MP: 3/3
   306 | D:1      | Reached XP level 2. HP: 14/20 MP: 0/4
  1092 | D:2      | HP: 1/20 [poisoned by an adder]
  1093 | D:2      | Slain by a leopard gecko

Illustrated notes

Levels and vault maps discovered:
D:1:      kilobyte_arrival_exit_the_forest, layout_basic
D:2:      layout_rooms, nicolae_ru_great_annihilating_truth,
          gammafunk_temple_overflow_arena, chequers_ecumenical_altar_simple,
          minmay_misc_feat_rugged

Action                   || total
-------------------------++-------
 Cast: Pain              ||    28
Dodge: Dodged            ||    13

Table legend: (Time is in decaauts)
 A = Elapsed time spent in this place.
 B = Non-inter-level travel time spent in this place.
 C = Inter-level travel time spent in this place.
 D = Time resting spent in this place.
 E = Time spent auto-exploring this place.
 F = Levels seen in this place.
 G = Mean time per level.
                   A        B        C        D        E       F      G
               +--------+--------+--------+--------+--------+-----+--------+
         Total |   1104 |   1067 |     37 |     37 |    939 |   2 |  552.0 |
       Dungeon |   1104 |   1067 |     37 |     37 |    939 |   2 |  552.0 |
               +--------+--------+--------+--------+--------+-----+--------+

Top non-repeatable levels by time:
     D:1: 1091 daAuts
     D:2: 12 daAuts
